 Dungeon Crawl Stone Soup version 0.17-a0-1337-ge651487 (webtiles) character file.

49 Kidiri the Magician (level 3, -6/19 HPs)
             Began as a Deep Elf Earth Elementalist on June 10, 2015.
             Mangled by a worm (12 damage)
             ... on level 2 of the Dungeon.
             The game lasted 00:13:03 (1275 turns).

Kidiri the Magician (Deep Elf Earth Elementalist)   Turns: 1275, Time: 00:13:04

Health: -6/19      AC:  2    Str:  5    XL:     3   Next: 53%
Magic:  0/10       EV: 13    Int: 20    God:
Gold:   39         SH:  0    Dex: 15    Spells: 4 memorised, 0 levels left

rFire  . . .     SeeInvis .     j - +0 dagger
rCold  . . .     Clarity  .     b - +0 robe
rNeg   . . .     SustAt   .     (no shield)
rPois  .         Gourm    .     (no helmet)
rElec  .         Spirit   .     (no cloak)
rCorr  .         Warding  .     (no gloves)
rMut   .         Stasis   .     (no boots)
MR     .....                    (no amulet)
Stlth  ++........               (no ring)
                                (no ring)

@: not resistant to hostile enchantments, unstealthy
A: no striking features
a: no special abilities


You were on level 2 of the Dungeon.
You were not hungry.

You visited 1 branch of the dungeon, and saw 2 of its levels.

You collected 39 gold pieces.

Inventory:

Hand weapons
 j - a +0 dagger (weapon)
Missiles
 a - 20 stones (quivered)
Armour
 b - a +0 robe (worn)
Potions
 i - a potion of resistance
 k - a potion of brilliance
Books
 c - a book of Geomancy

   Spells                             Type                      Level
   a - Sandblast                      Earth                        1
   b - Stoneskin                      Transmutation/Earth          2
   c - Passwall                       Transmutation/Earth          3
   d - Stone Arrow                    Conjuration/Earth            3
   e - Petrify                        Transmutation/Earth          4
   f - Lee's Rapid Deconstruction     Earth                        5
Comestibles
 d - 2 bread rations
 h - 2 meat rations


   Skills:
 + Level 0.2 Short Blades
 + Level 2.9 Dodging
 * Level 3.4 Stealth
 * Level 3.7 Spellcasting
 + Level 0.2 Conjurations
 + Level 1.1 Transmutations
 + Level 3.7 Earth Magic


You couldn't memorise any spells.
You knew the following spells:

 Your Spells              Type           Power        Failure   Level  Hunger
a - Sandblast             Erth           ###...       2%          1    None
b - Stoneskin             Trmt/Erth      ##......     10%         2    ##.....
c - Passwall              Trmt/Erth      ##........   17%         3    ###....
d - Stone Arrow           Conj/Erth      ##....       21%         3    ###....


Dungeon Overview and Level Annotations

Branches:
Dungeon (2/15)

Altars:

Annotations:
D:2 Ijyb, Natasha


Message History

Welcome back, Kidiri the Deep Elf Earth Elementalist.
Press ? for a list of commands and other information.
Level annotation: Ijyb, Natasha Welcome back, Kidiri the Deep Elf Earth Elementalist.
Press ? for a list of commands and other information.
The kobold barely misses you. The kobold completely misses you.
Cast which spell? (? or * to list)
Aiming: Stone Arrow
Press: ? - help, Shift-Dir - straight line, f - worm
Aim: a worm The stone arrow hits the worm.
The worm is severely wounded.
The kobold misses you. Ijyb closely misses you. The worm closely misses you.
You hit the worm.
The worm is almost dead.
The kobold hits you but does no damage. The worm bites you!
Ouch! That really hurt!
You die...

.# ##....#### ##
####K...# # ####K# #
#.## # ######## #..# #
#...>..# ##.####
#......# #....####
#...>..#########.[..##
###.........†..w@Kg##..#
.........#########.....#
######....# #####.#
#.##.# ## #### #..#..#
### ...## ##.##.$...#
#### #.... #.# ####.#
#.!.. #.... #)# #.###..#
#.... ####
#!######g#...# . ##....


You could see Ijyb, a worm and a kobold.

Vanquished Creatures
  An adder (D:2)
  An ooze (D:1)
  A worm (D:2)
  2 giant geckos
  A ball python (D:2)
  5 giant cockroaches
  4 hobgoblins
  6 kobolds
  3 bats (D:1)
  2 giant newts (D:1)
  2 goblins (D:1)
  3 rats
31 creatures vanquished.

Notes
Turn   | Place    | Note
--------------------------------------------------------------
     0 | D:1      | Kidiri the Deep Elf Earth Elementalist began the quest for the Orb.
     0 | D:1      | Reached XP level 1. HP: 10/10 MP: 6/6
   225 | D:1      | You fall through a shaft!
   231 | D:2      | Reached XP level 2. HP: 15/15 MP: 6/8
   362 | D:1      | Learned a level 2 spell: Stoneskin
   706 | D:1      | Reached XP level 3. HP: 19/19 MP: 10/10
   738 | D:1      | Learned a level 3 spell: Passwall
   742 | D:1      | Learned a level 3 spell: Stone Arrow
  1091 | D:2      | Noticed Natasha
  1109 | D:2      | Noticed Ijyb
  1275 | D:2      | Mangled by a worm

Vault maps used:
D:1:      minmay_arrival_radiant_lines
D:2:      uniq_natasha, uniq_iyjb

Action                   || total
-------------------------++-------
Melee: Dagger            ||    29
       Unarmed           ||     1
 Cast: Sandblast         ||    43
       Stone Arrow       ||     8
  Use: Scroll            ||     4
 Stab: Sleeping          ||     5
  Eat: Royal jelly       ||     1
